 Dungeon Crawl Stone Soup version 0.17.0-23-g0de4337 (webtiles) character file.

106 urechis the Magician (level 4, 0/24 HPs)
             Began as a Gargoyle Wizard on Nov 13, 2015.
             Slain by an ogre
             ... wielding a +0 giant club
              (24 damage)
             ... on level 4 of the Dungeon.
             The game lasted 00:05:30 (2691 turns).

urechis the Magician (Gargoyle Wizard)              Turns: 2691, Time: 00:05:31

Health: 0/24       AC:  5    Str: 11    XL:     4   Next: 84%
Magic:  0/10       EV: 11    Int: 19    God:
Gold:   141        SH:  0    Dex:  8    Spells: 4 memorised, 2 levels left

rFire  . . .     SeeInvis .     e - +0 mace
rCold  . . .     Clarity  .     a - +0 robe
rNeg   + . .     SustAt   .     (no shield)
rPois  ∞         Gourm    .     b - +0 hat
rElec  +         Spirit   .     (no cloak)
rCorr  .         Warding  .     (no gloves)
rMut   .         Stasis   .     (no boots)
MR     .....                    (no amulet)
Stlth  ++........               (no ring)
                                (no ring)

@: not resistant to hostile enchantments, unstealthy
A: negative energy resistance 1, electricity resistance, unbreathing,
petrification resistance, rot immunity, AC +3
a: no special abilities


You were on level 4 of the Dungeon.
You were not hungry.

You visited 1 branch of the dungeon, and saw 4 of its levels.

You collected 141 gold pieces.

Inventory:

Hand Weapons
 e - a +0 mace (weapon)
Armour
 a - a +0 robe (worn)
 b - a +0 hat (worn)
Jewellery
 r - an uncursed ring of protection from magic {unknown}
Scrolls
 g - 3 scrolls of recharging {unknown}
 h - a scroll of enchant weapon {unknown}
 o - 2 scrolls of amnesia {unknown}
 q - a scroll of immolation {unknown}
 t - a scroll of remove curse {unknown}
 u - a scroll of random uselessness {unknown}
Potions
 f - a potion of beneficial mutation {unknown}
 j - a potion of heal wounds {unknown}
 k - 3 potions of curing {unknown}
 m - a potion of agility {unknown}
 n - 2 potions of brilliance {unknown}
 p - a potion of mutation {unknown}
 s - a potion of degeneration {unknown}
Books
 c - a book of Minor Magic

   Spells                             Type                      Level
   a - Magic Dart                     Conjuration                  1
   b - Blink                          Translocation                2
   c - Call Imp                       Summoning                    2
   d - Repel Missiles                 Charms/Air                   2
   e - Slow                           Hexes                        2
   f - Conjure Flame                  Conjuration/Fire             3
   g - Mephitic Cloud                 Conjuration/Poison/Air       3
Comestibles
 d - 3 bread rations
 i - 2 meat rations
 l - a beef jerky


   Skills:
 - Level 1.5 Dodging
 - Level 2.1 Stealth
 + Level 4.1 Spellcasting
 + Level 3.5 Conjurations
   Level 0.8 Summonings
 - Level 0.8 Translocations


You had 2 spell levels left.
You knew the following spells:

 Your Spells              Type           Power        Failure   Level  Hunger
a - Magic Dart            Conj           ###.         3%          1    None
b - Blink                 Tloc           N/A          17%         2    ##.....
c - Conjure Flame         Conj/Fire      ##......     21%         3    ###....
d - Mephitic Cloud        Conj/Pois/Air  #.......     28%         3    ###....


Dungeon Overview and Level Annotations

Branches:
Dungeon (4/15)
 Temple: D:4-7

Altars:
Gozag
Nemelex Xobeh
Okawaru
Qazlal


Innate Abilities, Weirdness & Mutations

You are resistant to torment.
Your stone body is resilient (AC +3).
You are immune to poison.
You resist negative energy.
You are resistant to electric shocks.
You can survive without breathing.
You are immune to petrification.
You are immune to rotting.


Message History

Casting: Magic Dart
Confirm with . or Enter, or press ? or * to list all spells.
Aiming: Magic Dart
Press: ? - help, Shift-Dir - straight line, f/p - ogre
Aim: an ogre, wielding a giant club (heavily wounded)
The magic dart hits the ogre.
The ogre is heavily wounded.
Casting: Magic Dart
Confirm with . or Enter, or press ? or * to list all spells.
You don't have enough magic to cast that spell.
Casting: Magic Dart
Confirm with . or Enter, or press ? or * to list all spells.
Aiming: Magic Dart
Press: ? - help, Shift-Dir - straight line, f/p - ogre
Aim: an ogre, wielding a giant club (heavily wounded)
The magic dart hits the ogre.
The ogre is severely wounded.
The ogre hits you with a giant club!!
Ouch! That really hurt!
You die...

#######
.......
###.......
.........
.####
#...?....
....
#@.......
...#O#.#####
.####.#.# #
.......<#
.###.##.#
#......#
.........
.#.#.#####
.....


You could see an ogre.

Vanquished Creatures
  3 adders
  2 worms (D:2)
  2 giant cockroaches
  12 goblins
  5 hobgoblins
  4 jackals
  A quokka (D:3)
  13 bats
  3 giant geckos
  3 giant newts
  11 kobolds
  8 rats
67 creatures vanquished.

Notes
Turn   | Place    | Note
--------------------------------------------------------------
     0 | D:1      | urechis the Gargoyle Wizard began the quest for the Orb.
     0 | D:1      | Reached XP level 1. HP: 10/10 MP: 4/4
   287 | D:1      | Reached XP level 2. HP: 13/15 MP: 4/6
   806 | D:1      | Reached XP level 3. HP: 19/19 MP: 4/7
  1616 | D:2      | Learned a level 2 spell: Blink
  1620 | D:2      | Learned a level 3 spell: Conjure Flame
  1624 | D:2      | Learned a level 3 spell: Mephitic Cloud
  1801 | D:2      | Reached XP level 4. HP: 20/24 MP: 2/9
  2197 | D:3      | Found a stormy altar of Qazlal.
  2202 | D:3      | Reached skill level 4 in Spellcasting
  2443 | D:3      | Found an iron altar of Okawaru.
  2465 | D:3      | Found a faded altar to an unknown god.
  2546 | D:3      | Found an opulent altar of Gozag.
  2547 | D:3      | Found a sparkling altar of Nemelex Xobeh.
  2673 | D:4      | Noticed an ogre
  2691 | D:4      | Slain by an ogre

Action                   |  1- 3 |  4- 6 || total
-------------------------+-------+-------++-------
Melee: Mace              |    38 |       ||    38
 Cast: Magic Dart        |   102 |    61 ||   163
       Conjure Flame     |       |     1 ||     1
  Eat: Chunk             |     3 |     2 ||     5
